 Dungeon Crawl Stone Soup version 0.20-a0-537-g052e6ba (webtiles) character file.

2160 polly the Blocker (level 9, -2/54 HPs)
             Began as a Gargoyle Fighter on Jan 28, 2017.
             Killed by divine providence
             ... invoked by an orc priest
              (12 damage)
             ... on level 6 of the Dungeon.
             The game lasted 00:09:57 (5856 turns).

polly the Blocker (Gargoyle Fighter)                Turns: 5856, Time: 00:09:58

Health: -2/54      AC: 18    Str: 23    XL:     9   Next: 31%
Magic:  9/9        EV:  7    Int: 10    God:
Gold:   292        SH: 16    Dex: 10    Spells: 8/8 levels left

rFire    + + .     SeeInvis .   G - +1 whip of Ambiguity {venom, rN+ Int+2} (curse)
rCold    . . .     Gourm    .   n - +4 scale mail {rF+}
rNeg     + + .     Faith    .   C - +0 large shield
rPois    ∞         Spirit   .   (no helmet)
rElec    +         Reflect  .   r - +0 cloak
rCorr    .         Harm     .   (no gloves)
MR       .....                  (no boots)
Stlth    ..........             (no amulet)
Regen    0.2/turn               D - ring of wizardry
                                m - ring of protection from fire

@: no status effects
A: negative energy resistance 1, electricity resistance, unbreathing,
petrification resistance, rot immunity, AC +5
a: no special abilities


You were on level 6 of the Dungeon.
You were hungry.

You visited 2 branches of the dungeon, and saw 7 of its levels.
You also visited: Sewer.

You collected 292 gold pieces.

Inventory:

Hand Weapons
 G - the cursed +1 whip of Ambiguity (weapon) {venom, rN+ Int+2}
   (You found it on level 5 of the Dungeon)

   It poisons the flesh of those it strikes.
   It affects your intelligence (+2).
   It protects you from negative energy.
   It has a curse placed upon it.
Armour
 n - a +4 scale mail of fire resistance (worn)
 r - a +0 cloak (worn)
 C - a +0 large shield (worn)
Jewellery
 m - a ring of protection from fire (left hand)
 D - a ring of wizardry (right hand)
Scrolls
 c - a scroll of teleportation {unknown}
 e - 5 scrolls of identify {unknown}
 h - 2 scrolls of remove curse {unknown}
 k - a scroll of amnesia {unknown}
 l - a scroll of enchant weapon {unknown}
 p - a scroll of recharging {unknown}
 q - a scroll of magic mapping {unknown}
 v - a scroll of blinking {unknown}
 w - 2 scrolls of immolation {unknown}
 y - a scroll of enchant armour {unknown}
 F - a scroll of vulnerability {unknown}
Potions
 b - 3 potions of flight {unknown}
 d - 3 potions of might
 i - 2 potions of degeneration {unknown}
 j - 3 potions of lignification {unknown}
 o - 5 potions of heal wounds {unknown}
 s - 5 potions of brilliance {unknown}
 t - a potion of haste {unknown}
 u - a potion of ambrosia {unknown}
 x - 6 potions of curing {unknown}
 z - 2 potions of agility
 A - a potion of magic {unknown}
Books
 a - a book of Flames

   Spells                             Type                      Level
   a - Flame Tongue                   Conjuration/Fire             1
   b - Throw Flame                    Conjuration/Fire             2
   c - Conjure Flame                  Conjuration/Fire             3
   d - Inner Flame                    Hexes/Fire                   3
   e - Sticky Flame                   Conjuration/Fire             4
   f - Fireball                       Conjuration/Fire             5
 B - a book of Air

   Spells                             Type                      Level
   a - Shock                          Conjuration/Air              1
   b - Swiftness                      Charms/Air                   2
   c - Repel Missiles                 Charms/Air                   2
   d - Static Discharge               Conjuration/Air              3
   e - Lightning Bolt                 Conjuration/Air              5
 E - a book of Conjurations

   Spells                             Type                      Level
   a - Magic Dart                     Conjuration                  1
   b - Searing Ray                    Conjuration                  2
   c - Dazzling Spray                 Conjuration/Hexes            3
   d - Fulminant Prism                Conjuration/Hexes            4
   e - Iskenderun's Mystic Blast      Conjuration                  4
   f - Iskenderun's Battlesphere      Conjuration/Charms           5
Comestibles
 f - 5 bread rations
 g - a meat ration


   Skills:
 + Level 5.4 Fighting
 + Level 7.2 Maces & Flails
 + Level 5.7 Armour
 + Level 3.1 Dodging
 + Level 0.5 Stealth
 + Level 8.0 Shields


You had 8 spell levels left.
You didn't know any spells.

Dungeon Overview and Level Annotations

Branches:
Dungeon (6/15)             Temple (1/1) D:5

Altars:
Ashenzari
Cheibriados
Dithmenos
Fedhas
Gozag
Hepliaklqana
Makhleb
Nemelex Xobeh
Qazlal
Ru
Sif Muna
Trog
Uskayaw
Vehumet
Yredelemnul


Innate Abilities, Weirdness & Mutations

You are resistant to torment.
Your stone body is resilient. (AC +5)
You are immune to poison.
You resist negative energy. (rN+)
You are resistant to electric shocks. (rElec)
You can survive without breathing.
You are immune to petrification.
You are immune to rotting.


Message History

The orc priest mumbles some strange prayers to Beogh against you.
You struggle to resist.
Something hits you but does no damage. The orc barely misses you.
You're too confused to move!
The orc barely misses you. Something hits you but does no damage.
You're too confused to move!
The orc priest hits you but does no damage.
You hit the orc.
The orc is lightly wounded.
Something hits you but does no damage. The orc hits you but does no damage.
You feel less confused.
The orc priest mumbles some strange prayers to Beogh against you.
Beogh smites you!
* * * LOW HITPOINT WARNING * * *
Something hits you but does no damage. You block the orc's attack.
You whack the orc!
You kill the orc!
The orc priest mumbles some strange prayers to Beogh against you.
Beogh smites you!
You die...

♣._.♣#..........
♣♣.♣♣#..........
♣.♣ #...#######
###'###...#
#.........#
#......)..#
#.........#
#.........#
#.@...^...#
#o).......+
#)).......#
..........#
.[.........#
)...........
......####+##
#......#
#.....>#


You could see an orc priest.

Vanquished Creatures
  Pikel (D:6)
  Eustachio (D:4)
  A slave (D:6)
  4 ogres
  A phantom (D:6)
  2 centaurs (D:5)
  2 bullfrogs (D:6)
  A big kobold (Sewer)
  4 crimson imps (D:5)
  A jelly (D:5)
  Crazy Yiuf (D:3)
  3 orc priests
  2 iguanas
  4 worker ants
  3 orc wizards
  A hound skeleton (D:5)
  A worker ant zombie (D:5)
  5 adders
  5 river rats (Sewer)
  An ooze (D:3)
  2 adder skeletons
  2 worms (D:3)
  5 dart slugs
  4 leopard geckos
  17 orcs
  11 ball pythons
  7 bats
  7 giant cockroaches
  8 goblins
  3 hobgoblins
  5 jackals (D:3)
  20 kobolds
  2 quokkas
  11 frilled lizards
  A leopard gecko skeleton (D:4)
  24 rats
173 creatures vanquished.

Notes
Turn   | Place    | Note
-------+----------+-------------------------------------------
     0 | D:1      | polly the Gargoyle Fighter began the quest for the Orb.
     0 | D:1      | Reached XP level 1. HP: 14/14 MP: 1/1
    64 | D:1      | Reached XP level 2. HP: 17/19 MP: 2/2
   288 | D:1      | Reached XP level 3. HP: 23/23 MP: 3/3
   754 | D:2      | Found a hide-covered altar of Uskayaw.
  1023 | D:3      | Reached XP level 4. HP: 29/29 MP: 4/4
  1036 | D:3      | Reached skill level 1 in Dodging
  1367 | D:3      | Found a runed door.
  1468 | D:3      | Reached skill level 4 in Shields
  1610 | D:3      | Reached XP level 5. HP: 33/33 MP: 5/5
  1765 | D:3      | Found a sparkling altar of Nemelex Xobeh.
  1884 | D:3      | Noticed Crazy Yiuf
  1888 | D:3      | Killed Crazy Yiuf
  1944 | D:4      | Noticed an ogre
  1952 | D:4      | Killed an ogre
  1952 | D:4      | Reached XP level 6. HP: 24/38 MP: 6/6
  2170 | D:4      | Found a glowing drain.
  2176 | Sewer    | Entered a sewer
  2790 | Sewer    | Reached skill level 5 in Shields
  3063 | D:4      | Found a stormy altar of Qazlal.
  3359 | D:4      | Reached XP level 7. HP: 30/44 MP: 7/7
  3559 | D:4      | Noticed Eustachio
  3614 | D:4      | Killed Eustachio
  3614 | D:4      | Reached skill level 5 in Maces & Flails
  3784 | D:4      | Reached skill level 6 in Shields
  4324 | D:5      | Entered Level 5 of the Dungeon
  4415 | D:5      | Reached XP level 8. HP: 12/48 MP: 8/8
  4751 | D:5      | Found a bloodstained altar of Trog.
  4915 | D:5      | Reached skill level 5 in Armour
  4971 | D:5      | Found a staircase to the Ecumenical Temple.
  4984 | Temple   | Entered the Ecumenical Temple
  5299 | D:5      | Reached skill level 7 in Shields
  5459 | D:5      | Got a shimmering whip
  5460 | D:5      | Identified the cursed +1 whip of Ambiguity {venom, rN+ Int+2} (You found it on level 5 of the Dungeon)
  5752 | D:6      | Reached skill level 5 in Fighting
  5775 | D:6      | Noticed Pikel
  5776 | D:6      | Reached XP level 9. HP: 47/54 MP: 9/9
  5805 | D:6      | Killed Pikel
  5822 | D:6      | Found a hazy altar of Hepliaklqana.
  5842 | D:6      | Reached skill level 8 in Shields
  5856 | D:6      | Killed from afar by an orc priest

Vault maps used:
D:1:      lemuel_arrival_cross
D:2:      nicolae_overflow_crystal_walls, minmay_lizard_pond
D:3:      lemuel_coloured_pillars_altar, kennysheep_nondescript,
          minmay_misc_feat_rows, uniq_crazy_yiuf_cottage
D:4:      overflow_temple_1_default, lightli_sewer_entry_pipes,
          hangedman_abyss_or_decor_stagger, uniq_eustachio
D:5:      lemuel_doored_altar, minmay_temple_entry_junction, first_bread
D:6:      kennysheep_mini, kennysheep_little_box, serial_glass, glass_columns_b,
          glass_columns_a, nicolae_qazlal_general_emergency, uniq_pikel
Temple:   dpeg_chambers_temple
Sewer:    sewer_minmay_treatment

Skill      XL: |  1  2  3  4  5  6  7  8  9 |
---------------+----------------------------+-----
Dodging        | 1 2 3 |  3.1
Shields        | 4 5 6 7 8 |  8.0
Maces & Flails | 3 4 5 6 7 |  7.2
Fighting       | 4 5 |  5.4
Armour         | 4 5 |  5.7
Stealth        | |  0.5

Action                   |  1- 3 |  4- 6 |  7- 9 || total
-------------------------+-------+-------+-------++-------
Melee: Flail             |   129 |   349 |       ||   478
       Morningstar       |       |     6 |   237 ||   243
       Whip              |       |       |    83 ||    83
  Eat: Chunk             |       |     7 |     5 ||    12
       Meat ration       |       |     1 |       ||     1
Armor: Scale mail        |    95 |   286 |   253 ||   634
Dodge: Dodged            |    59 |   202 |   114 ||   375
Block: Shield            |    76 |   303 |    26 ||   405
       Large shield      |       |       |   325 ||   325
